 Dungeon Crawl Stone Soup version 0.19.5 (webtiles) character file.

4013 Kisielow the Carver (level 10, -1/88 HPs)
             Began as a Minotaur Fighter on May 24, 2017.
             Was a Follower of Yredelemnul.
             Killed from afar by Erica (4 damage)
             ... with a bolt of poison
             ... on level 8 of the Dungeon.
             The game lasted 00:10:57 (6781 turns).

Kisielow the Carver (Minotaur Fighter)              Turns: 6781, Time: 00:10:58

Health: -1/88      AC:  8    Str: 23    XL:     10   Next: 3%
Magic:  9/9        EV:  8    Int:  5    God:    Yredelemnul [*.....]
Gold:   9          SH: 18    Dex: 11    Spells: 0 memorised, 9 levels left

rFire  . . .     SeeInvis .     a - +0 long sword
rCold  . . .     Gourm    .     b - +0 scale mail
rNeg   . . .     Faith    .     y - +2 large shield
rPois  +         Spirit   .     (helmet restricted)
rElec  .         Reflect  .     (no cloak)
rCorr  .         Harm     .     (no gloves)
MR     .....                    (no boots)
Stlth  ..........               d - amulet of magic regeneration
                                v - ring of poison resistance
                                A - +2 ring of evasion

@: drained
A: retaliatory headbutt, horns 2
a: Animate Remains, Renounce Religion


You were on level 8 of the Dungeon.
You worshipped Yredelemnul.
Yredelemnul was aware of your devotion.
You were not hungry.

You visited 2 branches of the dungeon, and saw 9 of its levels.

You collected 9 gold pieces.

Inventory:

Hand Weapons
 a - a +0 long sword (weapon)
Armour
 b - a +0 scale mail (worn)
 y - a +2 large shield (worn)
Jewellery
 d - an amulet of magic regeneration (around neck)
 o - an uncursed ring of resist corrosion
 r - an uncursed ring of flight
 v - a ring of poison resistance (right hand)
 A - a +2 ring of evasion (left hand)
Wands
 c - a wand of flame (21/48)
 j - a wand of acid (8/15)
 q - a wand of slowing (20/48)
 B - a wand of confusion (11/48)
Scrolls
 e - 3 scrolls of remove curse
 h - 2 scrolls of teleportation
 k - 6 scrolls of identify
 n - 2 scrolls of enchant armour
Potions
 i - 3 potions of brilliance
Books
 m - a book of Changes

   Spells                             Type                      Level
   a - Beastly Appendage              Transmutation                1
   b - Sticks to Snakes               Transmutation                2
   c - Spider Form                    Transmutation/Poison         3
   d - Ice Form                       Ice/Transmutation            4
   e - Blade Hands                    Transmutation                5
 s - the Collected Works on Spatial Lightness
   (You found it on level 6 of the Dungeon)

   Spells                             Type                      Level
   a - Shock                          Conjuration/Air              1
   b - Apportation                    Translocation                1
   c - Blink                          Translocation                2
   d - Mephitic Cloud                 Conjuration/Poison/Air       3
   e - Gell's Gravitas                Hexes/Translocation          3
   f - Portal Projectile              Translocation                3
   g - Poisonous Cloud                Conjuration/Poison/Air       6
 t - a book of Transfigurations

   Spells                             Type                      Level
   a - Irradiate                      Conjuration/Transmutation    5
   b - Statue Form                    Transmutation/Earth          6
   c - Hydra Form                     Transmutation                6
   d - Dragon Form                    Transmutation                7
Comestibles
 f - 2 bread rations
 g - 7 chunks of flesh
 l - 4 slices of pizza
 p - a royal jelly
 w - 2 meat rations
 x - 2 fruits


   Skills:
 + Level 7.9(7.8) Fighting
 * Level 11.9 Long Blades
 + Level 8.5(8.4) Armour
 + Level 8.0 Shields


You had 9 spell levels left.
You didn't know any spells.

Dungeon Overview and Level Annotations

Branches:
Dungeon (8/15)             Temple (1/1) D:6
   Lair: D:8-11

Altars:
Ashenzari
Cheibriados
Dithmenos
Elyvilon
Fedhas
Gozag
Hepliaklqana
Makhleb
Nemelex Xobeh
Okawaru
Qazlal
Ru
Trog
Uskayaw
Xom
Yredelemnul
Zin
The Shining One

Shops:
D:6 [

Annotations:
D:8 Erica, Maurice


Innate Abilities, Weirdness & Mutations

You reflexively headbutt those who attack you in melee.
You have a pair of horns on your head.


Message History

Erica gestures wildly while chanting.
Erica flickers and vanishes!
Deactivating autopickup; reactivate with Ctrl-A.
You miss something. You headbutt something. Something hits you!
* * * LOW HITPOINT WARNING * * *
Something burns you.
* * * LOW HITPOINT WARNING * * *
You completely miss something. You headbutt something.
You block something's attack.
You miss something. You closely miss something. Something hits you.
* * * LOW HITPOINT WARNING * * *
Something burns you.
* * * LOW HITPOINT WARNING * * *
You hit something.
You hear some strange, mumbled words.
A bolt of poison appears from out of thin air!
The bolt of poison hits you! You resist.
You die...
Your body rises from the dead as a mindless zombie.

#... #.# #.# #... #...
#.###.# ##..
#...(.###### ####..
#####(..)..# #.....
#######.(....## #.###.
.##........(....###.###.
........##....).........
........##.)....###.###.
.......@##......# #.# #.
.......{##......###.###.
........##..............
........##......###.)...
........#######.# #####.
........# #.# #.
........# #.# ####.
........# #.# #.... #.#
#.##.


There were no monsters in sight!

Vanquished Creatures
  Pikel (D:6)
  Grinder (D:6)
  Prince Ribbit (D:8)
  A two-headed ogre (D:8)
  A hippogriff (D:7)
  Edmund (D:6)
  Duvessa (D:6)
  2 orc warriors
  3 sky beasts
  2 ice beasts (D:6)
  3 ogres
  4 centaurs
  2 bullfrogs
  Dowan (D:6)
  3 scorpions
  4 wights (D:8)
  3 howler monkeys
  3 crimson imps
  A jelly (D:7)
  4 orc wizards
  A bullfrog skeleton (D:8)
  A hound (D:5)
  Natasha (thrice) (D:2)
  2 worker ants
  A killer bee zombie (D:5)
  2 hound zombies
  A howler monkey zombie (D:7)
  A worker ant zombie (D:5)
  4 gnolls (D:3)
  9 adders
  An adder zombie (D:7)
  2 worms
  5 dart slugs
  7 leopard geckos
  19 orcs
  7 bats
  3 giant cockroaches
  8 goblins
  4 hobgoblins
  15 jackals
  11 kobolds
  5 quokkas
  A ball python (D:2)
  7 frilled lizards
  4 rats
166 creatures vanquished.

Vanquished Creatures (others)
  A howler monkey zombie (D:6)
1 creature vanquished.

Grand Total: 167 creatures vanquished

Notes
Turn   | Place    | Note
-------+----------+-------------------------------------------
     0 | D:1      | Kisielow the Minotaur Fighter began the quest for the Orb.
     0 | D:1      | Reached XP level 1. HP: 19/19 MP: 0/0
    61 | D:1      | Found a shattered altar of Ashenzari.
   114 | D:1      | Reached skill level 3 in Long Blades
   142 | D:1      | Reached XP level 2. HP: 25/26 MP: 1/1
   588 | D:2      | Reached skill level 4 in Long Blades
   588 | D:2      | Reached XP level 3. HP: 31/31 MP: 2/2
   616 | D:2      | Noticed Natasha
   621 | D:2      | Killed Natasha
   621 | D:2      | Reached skill level 5 in Long Blades
   621 | D:2      | Reached XP level 4. HP: 24/39 MP: 3/3
   662 | D:2      | Noticed Natasha
   667 | D:2      | Killed Natasha
   799 | D:2      | Noticed Natasha
   805 | D:2      | Killed Natasha
   897 | D:2      | Reached skill level 6 in Long Blades
   954 | D:2      | Reached XP level 5. HP: 42/46 MP: 4/4
  1890 | D:3      | Reached XP level 6. HP: 45/52 MP: 5/5
  1967 | D:3      | Reached skill level 7 in Long Blades
  2454 | D:4      | Found a snail-covered altar of Cheibriados.
  2978 | D:4      | Reached skill level 5 in Armour
  3281 | D:5      | Entered Level 5 of the Dungeon
  3281 | D:5      | Noticed a sky beast
  3285 | D:5      | Killed a sky beast
  3285 | D:5      | Reached XP level 7. HP: 60/60 MP: 6/6
  3539 | D:5      | Found a white marble altar of Elyvilon.
  3601 | D:5      | Reached skill level 8 in Long Blades
  3644 | D:5      | Reached skill level 5 in Shields
  3749 | D:5      | Reached skill level 5 in Fighting
  3989 | D:6      | Noticed Pikel
  4004 | D:6      | Killed Pikel
  4004 | D:6      | Reached skill level 9 in Long Blades
  4004 | D:6      | Reached XP level 8. HP: 58/70 MP: 7/7
  4036 | D:6      | Noticed Dowan
  4037 | D:6      | Noticed Duvessa
  4053 | D:6      | Killed Duvessa
  4060 | D:6      | Killed Dowan
  4216 | D:6      | Noticed Grinder
  4217 | D:6      | Noticed Edmund
  4232 | D:6      | Paralysed by Grinder for 4 turns
  4240 | D:6      | Killed Edmund
  4243 | D:6      | Paralysed by Grinder for 4 turns
  4256 | D:6      | Killed Grinder
  4256 | D:6      | Reached skill level 10 in Long Blades
  4434 | D:6      | Found an opulent altar of Gozag.
  4463 | D:6      | Found a staircase to the Ecumenical Temple.
  4575 | D:6      | Found Biruz's Antique Armour Shop.
  4598 | D:6      | Reached XP level 9. HP: 78/78 MP: 8/8
  4659 | Temple   | Entered the Ecumenical Temple
  4740 | Temple   | Became a worshipper of Yredelemnul the Dark
  4844 | D:6      | Identified the Collected Works on Spatial Lightness
  4912 | D:6      | Found a faded altar of an unknown god.
  4912 | D:6      | Found an iron altar of Okawaru.
  4917 | D:6      | Found a glowing golden altar of the Shining One.
  4919 | D:6      | Found a faded altar of an unknown god.
  4920 | D:6      | Found a stormy altar of Qazlal.
  4998 | D:7      | Found a white marble altar of Elyvilon.
  5722 | D:8      | Noticed Maurice
  6054 | D:8      | Reached skill level 11 in Long Blades
  6142 | D:8      | Reached * piety under Yredelemnul
  6144 | D:8      | Noticed Prince Ribbit
  6161 | D:8      | Killed Prince Ribbit
  6762 | D:8      | Reached XP level 10. HP: 67/88 MP: 9/9
  6771 | D:8      | Noticed Erica
  6777 | D:8      | HP: 4/88 [something (5)]
  6781 | D:8      | Killed from afar by Erica

Skill      XL: |  1  2  3  4  5  6  7  8  9 |
---------------+----------------------------+-----
Long Blades    | 3 4 5 6 7 9 10 11 | 11.9
Armour         | 4 5 6 7 8 |  8.5
Shields        | 4 5 6 8 |  8.0
Fighting       | 4 5 6 7 |  7.9

Action                   |  1- 3 |  4- 6 |  7- 9 | 10-12 || total
-------------------------+-------+-------+-------+-------++-------
Melee: Long sword        |    38 |   166 |   321 |     6 ||   531
       Headbutt          |     9 |    28 |    70 |     3 ||   110
       Scimitar          |       |       |    34 |       ||    34
       Unarmed           |       |       |     9 |       ||     9
Evoke: Wand              |       |       |       |     1 ||     1
  Use: Scroll            |       |    10 |     3 |       ||    13
       Potion            |       |       |     9 |       ||     9
 Stab: Invisible         |       |       |     4 |       ||     4
  Eat: Chunk             |       |     8 |     7 |       ||    15
       Meat ration       |       |       |     1 |       ||     1
Armor: Scale mail        |    19 |    59 |    76 |       ||   154
       Skin              |       |       |     6 |       ||     6
Dodge: Dodged            |    22 |    35 |    61 |       ||   118
Block: Shield            |    20 |    93 |    26 |       ||   139
       Large shield      |       |       |   232 |     2 ||   234
       Rpst.: Long sword |     6 |    10 |    13 |       ||    29
       Scimitar          |       |       |     2 |       ||     2
